[Event "Titled Tuesday Blitz June 8 2021"]
[White "Darini, Pouria"]
[Black "Ivic, Velimir"]
[WhiteFideId "12502200"]
[BlackFideId "950122"]
[WhiteElo "2489"]
[BlackElo "2509"]
[Result "0-1"]
[Round "05"]
[TimeControl "180+1"]
[Date "2021.06.08"]
[WhiteClock "0:00:35"]
[BlackClock "0:01:07"]

1. e4 c5 2. Nf3 Nc6 3. Bb5 e6 4. O-O Nge7 5. Re1 Nd4 6. Bf1 Nxf3+ 7. Qxf3 Nc6 8. b3 Nd4 9. Qd1 Be7 10. Bb2 O-O 11. c3 Nc6 12. d4 d5 13. e5 cxd4 14. cxd4 f6 15. Nd2 fxe5 16. dxe5 Bd7 17. Nf3 Be8 18. Be2 Bg6 19. Rc1 Rc8 20. h3 Qb6 21. Bd3 Bh5 22. g4 Bg6 23. Bxg6 hxg6 24. Rf1 Rf4 25. Nd4 Rcf8 26. Nxe6 Rxf2 27. Nxf8 Rd2+ 28. Kh1 Rxd1 29. Rcxd1 Bxf8 30. e6 Qe3 31. Kg2 Bc5 0-1


[Site "https://www.chess.com"]

[Event "Titled Tuesday Blitz June 8 2021"]
[White "Demchenko, Anton"]
[Black "Xiong, Jeffery"]
[WhiteFideId "4160258"]
[BlackFideId "2047640"]
[WhiteElo "2593"]
[BlackElo "2724"]
[Result "1-0"]
[Round "05"]
[TimeControl "180+1"]
[Date "2021.06.08"]
[WhiteClock "0:00:24"]
[BlackClock "0:00:01"]

1. e4 c5 2. Nf3 d6 3. d4 cxd4 4. Qxd4 Nc6 5. Qe3 g6 6. h3 Bg7 7. Bc4 Nf6 8. O-O O-O 9. Nc3 Nd7 10. Rd1 b6 11. Qf4 Bb7 12. Qh4 e6 13. Bg5 Qc7 14. Nb5 Qb8 15. c3 Nce5 16. Nxe5 Nxe5 17. Bf1 f6 18. Be3 d5 19. exd5 Bxd5 20. c4 g5 21. Qd4 Bc6 22. Qc3 f5 23. Qb3 f4 24. Bd4 Rd8 25. Bc3 Qb7 26. Nd4 Qe7 27. Re1 Rxd4 28. Bxd4 Nf3+ 29. gxf3 Bxd4 30. Rad1 Qc5 31. Rd2 e5 32. Bd3 Bd7 33. Be4 Rd8 34. Rxd4 exd4 35. Qd3 Kh8 36. Bd5 Re8 37. Rxe8+ Bxe8 38. b4 Qe7 39. Qxd4+ Qg7 40. Qe4 Bg6 41. Qe6 h6 42. Kg2 Kh7 43. c5 bxc5 44. bxc5 1-0


[Site "https://www.chess.com"]

[Event "Titled Tuesday Blitz June 8 2021"]
[White "Djordjevic, Vuk"]
[Black "Vidit, Santosh Gujrathi"]
[WhiteFideId "902098"]
[BlackFideId "5029465"]
[WhiteElo "2463"]
[BlackElo "2735"]
[Result "0-1"]
[Round "05"]
[TimeControl "180+1"]
[Date "2021.06.08"]
[WhiteClock "0:00:04"]
[BlackClock "0:00:03"]

1. d4 Nf6 2. Bg5 d5 3. Bxf6 exf6 4. e3 Bd6 5. c4 dxc4 6. Bxc4 O-O 7. Nc3 Nd7 8. Nf3 f5 9. O-O Nf6 10. Qc2 c6 11. Rfe1 Kh8 12. Ne5 Qe7 13. f4 Be6 14. Bd3 g6 15. e4 fxe4 16. Nxe4 Nxe4 17. Bxe4 f6 18. Nf3 Qd7 19. f5 gxf5 20. Bd3 Rg8 21. Nh4 Rg5 22. Rf1 f4 23. Rae1 Rag8 24. Rf2 Bd5 25. Nf3 Bxf3 26. Rxf3 Qg4 27. Ref1 Qxg2+ 28. Qxg2 Rxg2+ 29. Kh1 Rxb2 30. Rh3 Rg7 31. Re1 Kg8 32. Bc4+ Kf8 33. Rh6 Be7 34. Rf1 Rd2 35. d5 cxd5 36. Bb3 f3 37. Rxf3 a5 38. Rf1 b5 39. Rh5 a4 40. Bxd5 b4 41. Be6 Re2 42. Bd5 Rd2 43. Bc4 Rg4 44. Be6 Re4 45. Bd5 Red4 46. Be6 Rd6 47. Bc4 Rc2 48. Rh4 Rdd2 49. Rg4 Rxh2+ 50. Kg1 Bc5+ 51. Rf2 Bxf2+ 52. Kf1 Be3 53. Rg8+ Ke7 0-1


[Site "https://www.chess.com"]

[Event "Titled Tuesday Blitz June 8 2021"]
[White "Wagner, Dinara"]
[Black "Quintiliano Pinto, Renato R."]
[WhiteFideId "24157570"]
[BlackFideId "2117568"]
[WhiteElo "2260"]
[BlackElo "2439"]
[Result "1-0"]
[Round "05"]
[TimeControl "180+1"]
[Date "2021.06.08"]
[WhiteClock "0:00:14"]
[BlackClock "0:00:10"]

1. d4 Nf6 2. c4 e6 3. Nf3 b6 4. g3 Bb7 5. Bg2 Bb4+ 6. Bd2 a5 7. a3 Bxd2+ 8. Qxd2 O-O 9. O-O a4 10. Re1 Qc8 11. Qc2 Be4 12. Qd2 Bb7 13. Qc2 c5 14. dxc5 bxc5 15. Nc3 Bc6 16. e4 Qb7 17. h3 Rd8 18. Re3 d6 19. Rd1 Na6 20. Qe2 Nc7 21. Rd2 Nfe8 22. Qd1 e5 23. Nxe5 Rab8 24. Nxc6 Qxc6 25. e5 Qa6 26. exd6 Rxd6 27. Nd5 Nxd5 28. Bxd5 Rdb6 29. Re7 Nd6 30. Qf3 Kh8 31. Bxf7 Nxc4 32. Rde2 Nd6 33. Be8 h6 34. Qf8+ Kh7 35. Qxg7# 1-0


[Site "https://www.chess.com"]

[Event "Titled Tuesday Blitz June 8 2021"]
[White "Dowgird, Filip"]
[Black "Jones, Gawain C B"]
[WhiteFideId "1121235"]
[BlackFideId "409561"]
[WhiteElo "2209"]
[BlackElo "2657"]
[Result "1/2-1/2"]
[Round "05"]
[TimeControl "180+1"]
[Date "2021.06.08"]
[WhiteClock "0:00:03"]
[BlackClock "0:00:05"]

1. d4 Nf6 2. Bg5 d5 3. Bxf6 gxf6 4. e3 c5 5. dxc5 Nc6 6. c4 d4 7. exd4 Nxd4 8. Nf3 Nxf3+ 9. Qxf3 Qa5+ 10. Nc3 Qxc5 11. Bd3 Qe5+ 12. Kd2 Bh6+ 13. Kc2 Qf4 14. Qxf4 Bxf4 15. g3 Be5 16. Rhe1 Be6 17. f4 Bd4 18. Re4 Bxc3 19. Kxc3 Bf5 20. Re3 Bxd3 21. Rxd3 Rd8 22. Rad1 Rxd3+ 23. Rxd3 h5 24. c5 h4 25. b4 hxg3 26. hxg3 e5 27. Kc4 Ke7 28. a4 Rh1 29. Kd5 Ra1 30. a5 Rb1 31. a6 Rxb4 32. axb7 Rxb7 33. Kc6 Rb4 34. Rd7+ Ke6 35. Rxa7 exf4 36. gxf4 Rxf4 37. Ra1 Re4 38. Kc7 f5 39. c6 f4 40. Kd8 Rd4+ 41. Kc8 Ke5 42. c7 f3 43. Kb7 Rb4+ 44. Ka7 Rc4 45. Kb7 Rb4+ 46. Ka7 Rc4 47. Kb7 Ke4 48. Ra6 f2 49. Rf6 Rb4+ 50. Ka7 Rc4 51. Kb7 Rb4+ 52. Ka7 Ra4+ 53. Kb7 Rb4+ 1/2-1/2


[Site "https://www.chess.com"]

[Event "Titled Tuesday Blitz June 8 2021"]
[White "Drygalov, Sergey"]
[Black "Kollars, Dmitrij"]
[WhiteFideId "24171743"]
[BlackFideId "12909572"]
[WhiteElo "2514"]
[BlackElo "2576"]
[Result "1-0"]
[Round "05"]
[TimeControl "180+1"]
[Date "2021.06.08"]
[WhiteClock "0:00:43"]
[BlackClock "0:00:07"]

1. d4 d5 2. c4 c6 3. Nf3 Nf6 4. Nc3 e6 5. Bg5 h6 6. Bh4 g5 7. Bg3 dxc4 8. e3 b5 9. h4 g4 10. Ne5 Rg8 11. Be2 Nbd7 12. Nxg4 Nxg4 13. Bxg4 Bb7 14. Bf3 Qb6 15. a4 a6 16. O-O O-O-O 17. b3 b4 18. a5 Qa7 19. Na4 c3 20. Qe2 c5 21. Rfd1 Bxf3 22. Qxf3 Qb7 23. Qxf7 Bd6 24. dxc5 Bxg3 25. fxg3 Rxg3 26. Nb6+ Kb8 27. Qf4+ Qc7 28. Nxd7+ Kb7 29. c6+ Qxc6 30. Qxg3 Rxd7 31. Rxd7+ Qxd7 32. Qf4 Qb5 33. Qf7+ Kb8 34. Rd1 Qxa5 35. Qe8+ Kb7 36. Rd7+ 1-0


[Site "https://www.chess.com"]

[Event "Titled Tuesday Blitz June 8 2021"]
[White "Enchev, Ivajlo"]
[Black "Obolentseva, Alexandra"]
[WhiteFideId "2907712"]
[BlackFideId "24153648"]
[WhiteElo "2452"]
[BlackElo "2113"]
[Result "0-1"]
[Round "05"]
[TimeControl "180+1"]
[Date "2021.06.08"]
[WhiteClock "0:00:08"]
[BlackClock "0:00:19"]

1. e4 c5 2. Nf3 d6 3. d4 cxd4 4. Nxd4 Nf6 5. Nc3 a6 6. a4 e6 7. g4 d5 8. e5 Nfd7 9. Bf4 Qb6 10. Nb3 Nc6 11. a5 Qc7 12. Qe2 Bb4 13. Bd2 Nxa5 14. Nxa5 Bxa5 15. f4 Bb6 16. O-O-O Nc5 17. f5 Bd7 18. Bg5 Na4 19. Nxa4 Bxa4 20. Kb1 Rc8 21. b3 Bb5 22. Qg2 Qc3 23. Bxb5+ axb5 24. Rd3 Qb4 25. Bd2 Qa3 26. Bc1 Qc5 27. Rf1 O-O 28. f6 Ra8 29. Qd2 Rfc8 30. h4 Ba5 31. Qf2 Bc3 32. Rxc3 Qxc3 33. Bb2 Qc5 34. Qd2 d4 35. Rc1 Qxe5 36. Bxd4 Qd5 37. Qe3 Rd8 38. Bb2 Qd2 39. Qe4 Qh6 40. g5 Qg6 41. Qxb7 Rab8 42. Qc6 b4 43. fxg7 Rbc8 44. Qb5 Rd2 45. Qxb4 Rdxc2 46. Rxc2 Qxc2+ 47. Ka2 Ra8+ 48. Qa3 Rxa3+ 49. Kxa3 Qc5+ 50. Ka2 Qf2 51. Ka3 Qxh4 52. Bf6 h6 0-1


[Site "https://www.chess.com"]

[Event "Titled Tuesday Blitz June 8 2021"]
[White "Espinosa Veloz, Ermes"]
[Black "Salinas Herrera, Pablo"]
[WhiteFideId "3507424"]
[BlackFideId "3407128"]
[WhiteElo "2333"]
[BlackElo "2541"]
[Result "0-1"]
[Round "05"]
[TimeControl "180+1"]
[Date "2021.06.08"]
[WhiteClock "0:00:05"]
[BlackClock "0:00:20"]

1. e4 e5 2. Nf3 Nc6 3. d4 exd4 4. Bc4 Nf6 5. O-O Nxe4 6. Re1 d5 7. Bxd5 Qxd5 8. Nc3 Qd7 9. Rxe4+ Be7 10. Nxd4 f5 11. Rf4 O-O 12. Nxc6 Qxc6 13. Qd5+ Qxd5 14. Nxd5 Bd6 15. Rd4 Be5 16. Rd1 f4 17. f3 Bd6 18. Bd2 Bf5 19. Bb4 c5 20. Bc3 Rad8 21. Rd2 Kf7 22. Rad1 Bb8 23. b3 Rfe8 24. Bb2 h6 25. c4 b6 26. Kf2 Rd6 27. Re1 Rxe1 28. Kxe1 Re6+ 29. Kf2 Re8 30. Re2 Rxe2+ 31. Kxe2 Bb1 32. Nc3 Bh7 33. Nd5 g5 34. Kd2 Ke6 35. Bg7 h5 36. Bf6 g4 37. Bg5 Kf5 38. Bh6 Bd6 39. Bg7 Bg8 40. Bc3 Bf7 41. Bb2 h4 42. h3 gxh3 43. gxh3 Bh5 44. Ke2 Bf7 45. Kf2 Be5 46. Bc1 Bd4+ 47. Ke2 Be5 48. Kf2 Be6 49. Ke2 Bd7 50. Kf2 b5 51. Kg2 b4 52. Bd2 Be6 53. Be1 Bxd5 54. cxd5 Bf6 55. Bf2 Be7 56. d6 Bxd6 57. Bxh4 a5 58. Bf2 c4 59. bxc4 a4 60. Bd4 Be5 61. Bc5 b3 62. axb3 axb3 63. Ba3 b2 64. Bxb2 Bxb2 65. h4 Bd4 66. Kh3 Bc5 67. h5 Kg5 68. h6 Kxh6 69. Kg4 Be3 70. c5 Kg6 71. c6 Bb6 72. c7 Bxc7 73. Kh4 Kf5 74. Kh5 Ke5 75. Kg5 Kd4 76. Kf5 Ke3 77. Ke6 Kxf3 78. Kd7 Ba5 0-1


[Site "https://www.chess.com"]

[Event "Titled Tuesday Blitz June 8 2021"]
[White "Fus, Jakub"]
[Black "Stelmaszyk, Nico"]
[WhiteFideId "1193023"]
[BlackFideId "16200462"]
[WhiteElo "2138"]
[BlackElo "2119"]
[Result "1-0"]
[Round "05"]
[TimeControl "180+1"]
[Date "2021.06.08"]
[WhiteClock "0:01:01"]
[BlackClock "0:01:38"]

1. Nf3 Nf6 2. g3 g6 3. Bg2 Bg7 4. O-O O-O 5. c4 c5 6. Nc3 Nc6 7. d3 d6 8. Qd2 e5 9. a3 a6 10. Rb1 Rb8 11. b4 cxb4 12. axb4 b5 13. cxb5 axb5 14. Ne1 Nd4 15. Nc2 Nxc2 16. Qxc2 d5 17. Bg5 Be6 18. Qd2 Qd7 19. Rfc1 Rfc8 20. Bxf6 Bxf6 21. Rc2 Rc7 22. Rbc1 Rbc8 23. Nxd5 Bxd5 24. Rxc7 Rxc7 25. Rxc7 Qxc7 26. Bxd5 Be7 27. Ba2 Qd6 28. Qe3 Kg7 29. Qf3 Qf6 30. Qe4 Qc6 31. Qxc6 1-0


[Site "https://www.chess.com"]

[Event "Titled Tuesday Blitz June 8 2021"]
[White "Gahan, M G"]
[Black "Cardoso Cardoso, Jose Gabriel"]
[WhiteFideId "5027373"]
[BlackFideId "4430492"]
[WhiteElo "2264"]
[BlackElo "2343"]
[Result "1-0"]
[Round "05"]
[TimeControl "180+1"]
[Date "2021.06.08"]
[WhiteClock "0:00:26"]
[BlackClock "0:00:07"]

1. e4 g6 2. h4 Bg7 3. h5 c5 4. Nc3 Nc6 5. Bc4 e6 6. d3 d6 7. Nf3 a6 8. a4 Rb8 9. Bg5 Qc7 10. h6 Bf6 11. Qd2 Qe7 12. Qf4 Nd4 13. Bxf6 Nxf6 14. Nxd4 cxd4 15. Ne2 e5 16. Qh4 Be6 17. Bxe6 fxe6 18. O-O Nd7 19. Qh3 O-O 20. c3 dxc3 21. bxc3 Nc5 22. a5 Rf7 23. Qe3 Rbf8 24. d4 Nd7 25. Qh3 Nf6 26. dxe5 dxe5 27. Qf3 Qc5 28. Ra2 Nh5 29. Qg4 Rxf2 30. Qxe6+ Kh8 31. Rxf2 Qxf2+ 32. Kh2 Qh4+ 33. Kg1 Qxe4 34. Qe7 Qe3+ 35. Kh2 Qxh6 36. Qxe5+ Nf6+ 37. Kg1 Qg7 38. Nd4 Re8 39. Ne6 Qe7 40. Re2 Kg8 41. Qd4 Nh5 42. Qd5 Qf7 43. Qd6 Qe7 44. Qd5 Qf7 45. Qd6 Rc8 46. Ng5 Qf6 47. Qd7 Rf8 48. Qxh7# 1-0


[Site "https://www.chess.com"]

[Event "Titled Tuesday Blitz June 8 2021"]
[White "Gavrilescu, David"]
[Black "Henderson de La Fuente, Lance"]
[WhiteFideId "1227190"]
[BlackFideId "32096585"]
[WhiteElo "2370"]
[BlackElo "2280"]
[Result "1-0"]
[Round "05"]
[TimeControl "180+1"]
[Date "2021.06.08"]
[WhiteClock "0:00:57"]
[BlackClock "0:00:01"]

1. e4 c5 2. Nf3 e6 3. d4 cxd4 4. Nxd4 Nc6 5. Nc3 Qc7 6. Be3 a6 7. a3 Nf6 8. f4 d5 9. e5 Nd7 10. Qg4 Nxd4 11. Bxd4 g6 12. O-O-O Nc5 13. h4 h5 14. Qf3 b5 15. g4 Bb7 16. Bh3 Rc8 17. gxh5 Rxh5 18. Bg4 Rh8 19. h5 gxh5 20. Bxh5 Rg8 21. f5 exf5 22. Qxf5 Qd7 23. e6 Nxe6 24. Rde1 Kd8 25. Bxf7 Nxd4 26. Qxd7+ Kxd7 27. Bxg8 Kc7 28. Bxd5 Bxd5 29. Nxd5+ Kb8 30. c3 Nb3+ 31. Kc2 Nc5 32. Rh8 Bd6 33. Rxc8+ Kxc8 34. b4 Na4 35. Re8+ Kd7 36. Ra8 Kc6 37. Ne3 Kb7 38. Rh8 Nb6 39. Kb3 Bf4 40. Rh7+ Kc6 41. Nf5 Be5 42. Nd4+ Bxd4 43. cxd4 Nd5 44. Rh6+ Kb7 45. Kc2 Nb6 46. Kb3 Nd5 47. Rh5 Nb6 48. d5 Kc7 49. Rh7+ Kd6 50. Rh6+ Kc7 51. Rc6+ Kb7 52. Rc5 Nd7 53. Rc1 Nb6 54. d6 Kb8 55. Rc6 Kb7 56. Rc7+ Kb8 57. Rh7 1-0


[Site "https://www.chess.com"]

[Event "Titled Tuesday Blitz June 8 2021"]
[White "Gelman, Alexander"]
[Black "Quizon, Daniel"]
[WhiteFideId "4118316"]
[BlackFideId "5217911"]
[WhiteElo "2375"]
[BlackElo "2329"]
[Result "1-0"]
[Round "05"]
[TimeControl "180+1"]
[Date "2021.06.08"]
[WhiteClock "0:00:08"]
[BlackClock "0:01:20"]

1. d4 Nf6 2. Nc3 g6 3. e4 d6 4. f4 Bg7 5. Nf3 O-O 6. e5 Nfd7 7. h4 c5 8. e6 fxe6 9. h5 Nc6 10. hxg6 hxg6 11. Bd3 cxd4 12. Bxg6 Rf6 13. Bh7+ Kf8 14. Ne4 Rh6 15. Rxh6 Bxh6 16. Nfg5 Nf6 17. Nxf6 exf6 18. Qh5 Bxg5 19. fxg5 Qa5+ 20. Bd2 Qe5+ 21. Kf1 Bd7 22. Re1 Qb5+ 23. Bd3 Qd5 24. Qh8+ Kf7 25. Qxf6+ Kg8 26. Qg6+ Kf8 27. Qh6+ Ke8 28. Qh8+ Kf7 29. Bg6+ Kxg6 30. Qf6+ Kh5 31. Qh6+ Kg4 32. Qh3# 1-0


[Site "https://www.chess.com"]

[Event "Titled Tuesday Blitz June 8 2021"]
[White "Grieve, Harry"]
[Black "Grigorjev, Iljya"]
[WhiteFideId "426520"]
[BlackFideId "24159565"]
[WhiteElo "2191"]
[BlackElo "2156"]
[Result "1-0"]
[Round "05"]
[TimeControl "180+1"]
[Date "2021.06.08"]
[WhiteClock "0:00:07"]
[BlackClock "0:00:03"]

1. e4 e5 2. Nf3 Nc6 3. Bc4 Bc5 4. O-O Nf6 5. d3 d6 6. a4 a6 7. c3 Ba7 8. Nbd2 h6 9. a5 g5 10. Qb3 Qe7 11. Re1 Nh5 12. Nf1 g4 13. N3d2 Rg8 14. Ne3 Nf4 15. Ndf1 h5 16. Ng3 Bxe3 17. fxe3 Ne6 18. Nf5 Qd8 19. Rf1 Ne7 20. Nh6 Rf8 21. Bd2 Ng6 22. Nxf7 Qe7 23. Nh6 Nc5 24. Bf7+ Kd8 25. Qa2 Be6 26. Bxe6 Nxe6 27. Nf5 Qd7 28. d4 Ne7 29. Nh6 Ng6 30. Rxf8+ Ngxf8 31. Rf1 Qg7 32. Nf5 Qg5 33. dxe5 dxe5 34. Qd5+ Kc8 35. Qxe5 Kb8 36. c4 Ka7 37. Bc3 Rd8 38. Bd4+ Kb8 39. Qf6 Qxf6 40. Bxf6 Rd2 41. Ng7 Nxg7 42. Bxg7 Ne6 43. Bc3 Re2 44. Rf5 b6 45. Rxh5 Rxe3 46. axb6 cxb6 47. Re5 Nc5 48. Bd4 Re2 49. Bxc5 bxc5 50. Rxc5 Rxb2 51. Re5 Kb7 52. h3 gxh3 53. gxh3 Kb6 54. h4 a5 55. h5 a4 56. Re8 Kc7 57. Ra8 Rb6 58. Rxa4 Rh6 59. Kf2 Rxh5 60. Ke3 Rh3+ 61. Kd4 Rh1 62. Ra5 Rd1+ 63. Ke5 Rh1 64. Ra7+ Kc6 65. Rf7 Rh5+ 66. Kd4 Rh1 67. Rf6+ Kd7 68. e5 Rd1+ 69. Kc5 Re1 70. Rf5 Ke6 71. Rh5 Rc1 72. Kb5 Rb1+ 73. Kc6 Ra1 74. c5 Rc1 75. Kb6 Kd5 76. e6+ Kxe6 77. c6 Kd6 78. Rh6+ Kd5 79. Kb7 Rb1+ 80. Kc8 Rc1 81. c7 Ke5 82. Rh2 Kd6 83. Rd2+ Ke6 84. Re2+ Kd6 85. Kd8 Rxc7 86. Rd2+ Kc6 87. Rc2+ Kb6 88. Rxc7 1-0


[Site "https://www.chess.com"]

[Event "Titled Tuesday Blitz June 8 2021"]
[White "Gritsenko, Nikolai"]
[Black "Petesch, Gabriel"]
[WhiteFideId "14112493"]
[BlackFideId "2032465"]
[WhiteElo "2389"]
[BlackElo "2374"]
[Result "0-1"]
[Round "05"]
[TimeControl "180+1"]
[Date "2021.06.08"]
[WhiteClock "0:00:07"]
[BlackClock "0:00:08"]

1. b3 b6 2. Bb2 Bb7 3. Nf3 Nf6 4. e3 e6 5. Be2 Be7 6. O-O O-O 7. c4 d5 8. d3 Nbd7 9. Nbd2 a5 10. a3 c5 11. cxd5 exd5 12. a4 Rc8 13. Rc1 Re8 14. Qc2 Ba6 15. Qb1 Nb8 16. Rfe1 Nc6 17. d4 Bxe2 18. Rxe2 Nb4 19. dxc5 bxc5 20. Ree1 Qb6 21. Red1 Red8 22. h3 Qe6 23. Ng5 Qa6 24. Bxf6 Bxf6 25. Qxh7+ Kf8 26. Ndf3 Ke7 27. e4 Bxg5 28. Nxg5 Qf6 29. Qh5 Qg6 30. Qg4 dxe4 31. Rxd8 Rxd8 32. Rxc5 Nd3 33. Rc7+ Ke8 34. Qh4 Rd7 35. Rxd7 Kxd7 36. Nxe4 Qe6 37. Qg4 Qxg4 38. hxg4 Kc6 39. Nd2 Kc5 40. Nc4 Kb4 41. Nd6 Nc5 42. Nxf7 Kxb3 43. Ne5 Kxa4 44. Nc6 Kb5 45. Nxa5 Kxa5 46. f4 Kb5 47. Kh2 Kc6 48. Kh3 Kd6 49. Kh4 Ke6 50. Kh5 Kf6 51. Kh4 Ne4 52. Kh3 Kg6 53. g3 Kf6 54. Kg2 Nd6 55. Kf3 Nf7 56. Ke4 Nd6+ 57. Kd5 Nf7 58. Ke4 Nd6+ 59. Kd5 Ne8 60. Kc6 Ke6 61. g5 g6 62. g4 Ng7 63. Kc5 Nf5 64. Kc4 Ne3+ 65. Kd3 Nxg4 66. Ke4 Nf2+ 67. Kf3 Nd3 68. Ke4 Nc5+ 69. Kd4 Nd7 70. Ke4 Nf8 71. Kd4 Kf5 72. Kd5 Ne6 73. Kd6 Nxf4 74. Ke7 Ne6 75. Kf7 Nxg5+ 0-1


[Site "https://www.chess.com"]

[Event "Titled Tuesday Blitz June 8 2021"]
[White "Guo, Arthur"]
[Black "Nakamura, Hikaru"]
[WhiteFideId "30903114"]
[BlackFideId "2016192"]
[WhiteElo "2825"]
[BlackElo "2900"]
[Result "0-1"]
[Round "05"]
[TimeControl "180+1"]
[Date "2021.06.08"]
[WhiteClock "0:00:05"]
[BlackClock "0:00:14"]

1. e4 g6 2. Nf3 Bg7 3. Nc3 c5 4. d4 cxd4 5. Nxd4 Nc6 6. Be3 Nf6 7. Nb3 d6 8. Be2 O-O 9. O-O Be6 10. Qd2 a6 11. Bh6 b5 12. a3 Qb6 13. Kh1 Rac8 14. Bxg7 Kxg7 15. f4 Bxb3 16. cxb3 Qd4 17. Rad1 Qxd2 18. Rxd2 Rc7 19. b4 Rfc8 20. Bf3 Ra7 21. Rc1 Nb8 22. Rcd1 Nbd7 23. Kg1 Rac7 24. Be2 Nb6 25. e5 dxe5 26. fxe5 Nfd7 27. e6 fxe6 28. Bg4 Nf6 29. Bxe6 Rb8 30. Re2 Ne8 31. Rf1 Nd6 32. Ne4 Rf8 33. Rxf8 Kxf8 34. Nc5 Ra7 35. Bb3 Nbc4 36. Bxc4 bxc4 37. Kf2 a5 38. bxa5 Rxa5 39. Ne4 Nf5 40. Rc2 Rb5 41. g4 Nd4 42. Rxc4 Rxb2+ 43. Ke3 Ne6 44. Rc3 Rxh2 45. Kf3 Ra2 46. g5 Kf7 47. Rd3 Nc7 48. Kf4 Nb5 49. Rd8 Rxa3 50. Rh8 Rh3 51. Ke5 Rh5 52. Rb8 Nd6 53. Nxd6+ exd6+ 54. Kxd6 Rxg5 55. Rb7+ Kf6 56. Rxh7 Ra5 57. Rh1 g5 58. Rf1+ Kg6 59. Ke6 g4 60. Rf8 Kg5 61. Rg8+ Kf4 62. Rf8+ Kg3 0-1


[Site "https://www.chess.com"]

[Event "Titled Tuesday Blitz June 8 2021"]
[White "Hambleton, Aman"]
[Black "Bendayan Claros, Aaron"]
[WhiteFideId "2606577"]
[BlackFideId "3803392"]
[WhiteElo "2552"]
[BlackElo "2166"]
[Result "1/2-1/2"]
[Round "05"]
[TimeControl "180+1"]
[Date "2021.06.08"]
[WhiteClock "0:00:03"]
[BlackClock "0:00:04"]

1. d4 d5 2. Bf4 Nf6 3. e3 c5 4. c3 Nc6 5. Nd2 cxd4 6. exd4 g6 7. Bd3 Bg7 8. Ngf3 O-O 9. O-O Bf5 10. Bxf5 gxf5 11. Ne5 Rc8 12. Nd3 e6 13. Qe2 Ne4 14. f3 Nd6 15. Rae1 b5 16. g4 fxg4 17. fxg4 b4 18. Kh1 bxc3 19. bxc3 Nb5 20. Rc1 Na5 21. Nc5 Nd6 22. Be5 Nac4 23. Nxc4 Nxc4 24. Bxg7 Kxg7 25. Rf3 Qg5 26. Rcf1 Nd2 27. Nxe6+ fxe6 28. Rxf8 Rxf8 29. Rxf8 Kxf8 30. Qxe6 Ne4 31. Qc8+ Kg7 32. Qd7+ Kf8 33. Qc8+ Kf7 34. Qd7+ Kg6 35. Qe6+ Kg7 36. Qd7+ Kg6 37. Qe6+ Nf6 38. h3 Qc1+ 39. Kg2 Qd2+ 40. Kg1 Qc1+ 41. Kg2 Qxc3 42. Qf5+ Kg7 43. g5 Qd2+ 44. Kg1 Ne4 45. Qe5+ Kf8 46. Qh8+ Ke7 47. Qxh7+ Kd6 48. Qg6+ Kc7 49. Qf7+ Kc6 50. Qe6+ Kc7 51. Qf7+ Kc6 52. Qe6+ Kc7 53. Qf7+ 1/2-1/2


[Site "https://www.chess.com"]

[Event "Titled Tuesday Blitz June 8 2021"]
[White "Harshavardhan G B"]
[Black "Shipov, Sergei"]
[WhiteFideId "25059009"]
[BlackFideId "4113624"]
[WhiteElo "1825"]
[BlackElo "2770"]
[Result "1/2-1/2"]
[Round "05"]
[TimeControl "180+1"]
[Date "2021.06.08"]
[WhiteClock "0:00:13"]
[BlackClock "0:00:12"]

1. d4 d5 2. c4 e6 3. Nc3 c5 4. cxd5 exd5 5. Nf3 Nc6 6. g3 Nf6 7. Bg2 Be7 8. O-O O-O 9. dxc5 Bxc5 10. Bg5 d4 11. Bxf6 Qxf6 12. Nd5 Qf5 13. Nd2 Rd8 14. Nb3 Rxd5 15. e4 dxe3 16. Qxd5 exf2+ 17. Kh1 Bb6 18. Nd2 Qxd5 19. Bxd5 Bh3 20. Bg2 Bf5 21. Ne4 Bxe4 22. Bxe4 Re8 23. Bf3 g6 24. Kg2 Ne5 25. Bxb7 Nc4 26. Rxf2 Bxf2 27. Kxf2 Nxb2 28. Ba6 Re6 29. Be2 Na4 30. Rc1 Kg7 31. Rc7 a6 32. Bc4 Rf6+ 33. Ke3 h5 34. Kd4 Rf2 35. h4 Nb6 36. Bb3 a5 37. Kc5 a4 38. Rxf7+ Rxf7 39. Bxf7 Nd7+ 40. Kd6 Kxf7 41. Kxd7 Kf6 42. Kc6 Kf5 43. Kb5 a3 44. Kb4 Kg4 45. Kxa3 Kxg3 46. Kb4 Kxh4 47. a4 g5 48. a5 g4 49. a6 g3 50. a7 g2 51. a8=Q g1=Q 52. Qh8 Qe3 53. Qf6+ Qg5 54. Qf2+ Qg3 55. Qf6+ Kh3 56. Ka5 h4 57. Qf1+ Kg4 58. Qe2+ Qf3 59. Qe8 h3 60. Qg6+ Kh4 61. Ka6 h2 62. Qh6+ Kg3 63. Qg5+ Qg4 64. Qe3+ Kh4 65. Qh6+ Kg3 66. Qe3+ Qf3 67. Qg5+ Kf2 68. Qh4+ Kg2 69. Qg5+ Kf1 70. Qc1+ Kf2 71. Qc5+ Qe3 72. Qf5+ Ke1 73. Qb1+ Kf2 74. Qf5+ Qf3 75. Qc5+ Kg2 76. Qg5+ Kf1 77. Qc1+ Kf2 78. Qc5+ 1/2-1/2


[Site "https://www.chess.com"]

[Event "Titled Tuesday Blitz June 8 2021"]
[White "Harutjunyan, Gevorg"]
[Black "Kakabayev, Mergen"]
[WhiteFideId "13300873"]
[BlackFideId "14002990"]
[WhiteElo "2498"]
[BlackElo "2302"]
[Result "1-0"]
[Round "05"]
[TimeControl "180+1"]
[Date "2021.06.08"]
[WhiteClock "0:00:11"]
[BlackClock "0:00:16"]

1. e4 e5 2. Bc4 Nf6 3. d3 Nc6 4. Nf3 Bc5 5. c3 d6 6. O-O a6 7. a4 Ba7 8. Be3 O-O 9. Na3 Ne7 10. Nc2 Ng6 11. Re1 h6 12. Qd2 Be6 13. Bxe6 fxe6 14. Bxa7 Rxa7 15. d4 exd4 16. Ncxd4 Qe7 17. e5 dxe5 18. Nxe5 Nxe5 19. Rxe5 Ng4 20. Rxe6 Qh4 21. Nf3 Rxf3 22. gxf3 Qxh2+ 23. Kf1 Ra8 24. Rae1 Rf8 25. Ke2 Qxf2+ 26. Kd1 Qxf3+ 27. Kc1 Qf4 28. Re7 Qxd2+ 29. Kxd2 Rf7 30. Re8+ Kh7 31. R1e7 Rf2+ 32. Kc1 h5 33. Rxc7 h4 34. Ree7 Kh6 35. Rxg7 Kh5 36. Rc5+ Kh6 37. Rxg4 1-0


[Site "https://www.chess.com"]

[Event "Titled Tuesday Blitz June 8 2021"]
[White "Holt, Conrad"]
[Black "Nitish Belurkar"]
[WhiteFideId "2034387"]
[BlackFideId "5084768"]
[WhiteElo "2586"]
[BlackElo "2306"]
[Result "0-1"]
[Round "05"]
[TimeControl "180+1"]
[Date "2021.06.08"]
[WhiteClock "0:00:01"]
[BlackClock "0:00:58"]

1. d4 d6 2. Nf3 Bg4 3. Nbd2 Nd7 4. h3 Bh5 5. g4 Bg6 6. Nh4 e5 7. Nxg6 hxg6 8. dxe5 dxe5 9. Bg2 c6 10. a4 Ngf6 11. a5 Qc7 12. a6 b5 13. g5 Nd5 14. Nb3 N7b6 15. O-O O-O-O 16. Qe1 Bb4 17. c3 Be7 18. Na5 Rh5 19. Bf3 Rdh8 20. e4 Nf4 21. Bxf4 exf4 22. Bxh5 Rxh5 23. Qe2 Qd7 24. Qf3 Rxh3 25. Qxf4 Bd6 26. e5 Bxe5 27. Qxe5 Qg4+ 28. Qg3 Rxg3+ 29. fxg3 Qxg3+ 30. Kh1 Qh4+ 31. Kg1 Qxg5+ 32. Kh1 Qh4+ 33. Kg1 Qg3+ 34. Kh1 Nd5 35. Rxf7 Ne3 36. Rf8+ Kc7 37. Rf7+ Kc8 38. Rf8+ Kd7 39. Rf7+ Ke8 0-1


[Site "https://www.chess.com"]

[Event "Titled Tuesday Blitz June 8 2021"]
[White "Horvath, Dominik"]
[Black "Sanal, Vahap"]
[WhiteFideId "1642561"]
[BlackFideId "6300545"]
[WhiteElo "2279"]
[BlackElo "2507"]
[Result "0-1"]
[Round "05"]
[TimeControl "180+1"]
[Date "2021.06.08"]
[WhiteClock "0:00:05"]
[BlackClock "0:00:09"]

1. Nf3 Nf6 2. c4 e6 3. g3 d5 4. Bg2 Be7 5. b3 O-O 6. Bb2 b6 7. O-O Bb7 8. e3 c5 9. Qe2 Nc6 10. Rd1 Re8 11. d4 cxd4 12. Nxd4 Nxd4 13. Bxd4 Qb8 14. cxd5 Bxd5 15. e4 Bb7 16. Nc3 h6 17. Rac1 Ba3 18. Rc2 e5 19. Be3 Bc5 20. Bxc5 bxc5 21. Na4 Bc6 22. Nxc5 Qb6 23. Qe3 Rad8 24. Rdc1 Rd4 25. a3 Red8 26. b4 Rd1+ 27. Bf1 Bb5 28. Rxd1 Rxd1 29. Rc1 Ng4 30. Rxd1 Nxe3 31. fxe3 Bxf1 32. Kxf1 Qb5+ 33. Kf2 Qc4 34. Rd2 g6 35. h4 Kg7 36. h5 gxh5 37. Rd5 Qa2+ 38. Kf3 Qxa3 39. Nd3 Qa1 40. Kf2 Qa2+ 41. Kf3 Qb1 42. Kf2 Qc2+ 43. Kf3 Qd1+ 44. Kf2 Qd2+ 45. Kf3 Qd1+ 46. Kf2 Qc2+ 47. Kf3 f6 48. Nc5 Qb1 49. Rd7+ Kg6 50. Kg2 h4 51. gxh4 Qxb4 52. Rc7 Qd2+ 53. Kf3 Kh5 54. Nd7 Qd6 55. Rb7 Kxh4 56. Rxa7 Qd1+ 57. Kf2 Qc2+ 58. Kf3 Qc6 59. Nf8 Qe8 60. Nd7 Qh5+ 61. Kf2 Qg6 62. Ra6 Qg3+ 63. Kf1 Qf3+ 64. Ke1 Qxe3+ 65. Kf1 Qd3+ 66. Kf2 Qxa6 67. Nxf6 Qxf6+ 0-1


[Site "https://www.chess.com"]